Map: Odyssée EC

Players

zidar - Winner!

  • Race: Zerg Zerg
  • League: Gold
  • Spawn Location: 5:00

Guberto

  • Race: Terran Terran
  • League: Gold
  • Spawn Location: 11:00

VOD

Have the link to the VOD?

Description

Time

  • Played on: July 2, 2017, 9:59 a.m.
  • Length: 6:58
Show
View Real Time Build Order
Export as new Build Order

zidar Zerg - Winner!

Build Orders: Hatch First 

Get SALT Encoding   

  12  0:02  Drone  
  13  0:12  Overlord  
  13  0:17  Drone  
  14  0:30  Drone x2  
  16  0:50  Hatchery  
  16  0:53  Drone  
  16  0:56  Extractor  
  15  0:58  Drone  
  16  1:16  Spawning Pool  
  15  1:20  Drone  
  17  1:25  Drone  
  17  1:28  Drone  
  18  1:33  Drone  
  19  2:14  Roach Warren  
  18  2:17  Drone  
  18  2:21  Extractor, Drone x4  
  22  2:28  Queen  
  22  2:29  Queen  
  25  2:47  Overlord  
  25  2:48  Overlord  
  25  2:53  Roach  
  27  3:00  Overlord  
  27  3:22  Roach x5  
  37  3:29  Metabolic Boost  
  37  3:37  Pneumatized Carapace  
  37  3:49  Roach x2  
  41  4:04  Roach x3  
  47  4:26  Roach x2  
  47  4:29  Overlord x2  
  51  4:41  Zergling x2  
  51  4:45  Overlord x2  
  52  5:02  Roach x4  
  60  5:17  Overlord x2  
  59  5:33  Ravager x3  
  59  5:34  Ravager x2  
  64  5:39  Roach x2  
  64  5:40  Roach  
  70  5:51  Lair  
Show
View Real Time Build Order
Export as new Build Order

Guberto Terran 

Build Orders:  

Get SALT Encoding   

  12  0:03  SCV  
  13  0:15  SCV  
  13  0:20  Supply Depot  
  14  0:27  SCV  
  15  0:41  SCV  
  16  0:43  Barracks  
  16  0:46  Refinery  
  16  0:53  SCV  
  17  1:07  SCV  
  18  1:20  SCV  
  19  1:32  Barracks Reactor  
  19  1:35  Orbital Command  
  19  1:53  Supply Depot  
  19  1:54  Command Center  
  19  2:01  SCV  
  20  2:13  SCV  
  20  2:15  Marine x2  
  23  2:20  Barracks  
  23  2:25  SCV  
  24  2:32  Refinery  
  24  2:41  Marine  
  24  2:42  Marine  
  26  2:45  SCV  
  27  2:57  SCV  
  28  3:01  Marine x2  
  30  3:09  SCV  
  30  3:11  Orbital Command  
  31  3:20  Barracks Tech Lab  
  31  3:21  SCV  
  31  3:22  Factory  
  32  3:27  Marine x2  
  32  3:30  Barracks  
  34  3:40  SCV, Engineering Bay  
  35  3:42  SCV  
  36  3:49  Stimpack  
  36  3:53  Marine x2  
  36  3:54  SCV  
  39  4:04  SCV  
  39  4:06  SCV  
  41  4:12  Supply Depot  
  41  4:16  SCV  
  42  4:18  Factory Reactor  
  42  4:19  SCV  
  42  4:22  Starport  
  43  4:28  Marine x2, SCV  
  43  4:30  Barracks Reactor  
  46  4:35  Supply Depot  
  46  4:40  Missile Turret, SCV  
  47  4:52  SCV  
  48  4:56  Marauder  
  49  5:04  SCV  
  50  5:10  Factory Tech Lab  
  50  5:12  Marine x4  
  54  5:16  SCV x2  
  54  5:20  Refinery  
  56  5:23  Refinery  
  56  5:25  Supply Depot  
  57  5:28  SCV  
  57  5:36  SCV  
  57  5:40  SCV  
  59  5:42  Marine  
  59  5:43  Marine x2  
  59  5:47  Marine  
  59  5:48  Supply Depot  
  63  5:52  SCV  
  64  6:01  Siege Tank  
  67  6:04  SCV  
  67  6:06  Marine, Factory  
  67  6:07  Marine  
  67  6:11  Supply Depot  
  70  6:15  Marauder  
  70  6:16  SCV  
  70  6:18  Medivac x2  
  77  6:25  Supply Depot  
  77  6:29  SCV  
  60  6:32  Marine  
  60  6:33  Marine  
  56  6:41  SCV  
  55  6:50  Supply Depot  
Tags
 
League
GoldGold
Matchup
TvZ
Spawn Locations
Cross Positions
Add a new tag
Caveats
  • Supply blocks, unpowered buildings, or Contaminate may cause inaccurate times.
  • Supply counts are checked every 10 seconds.